 Dungeon Crawl Stone Soup version 0.22-a0-445-g8c8ef71 (webtiles) character file.

2209 ohad the Carver (level 9, -1/61 HPs)
             Began as a Demonspawn Gladiator on June 2, 2018.
             Was an Initiate of Gozag.
             Splashed by a jelly's acid (7 damage)
             ... on level 4 of the Dungeon.
             The game lasted 00:16:16 (7456 turns).

ohad the Carver (Demonspawn Gladiator)              Turns: 7456, Time: 00:16:18

Health: -1/61      AC: -10   Str: 17    XL:     9   Next: 13%
Magic:  18/18      EV: 11    Int:  9    God:    Gozag
Gold:   804        SH:  4    Dex: 22    Spells: 8/8 levels left

rFire    . . .     SeeInvis .   o - +1 dagger (venom)
rCold    . . .     Gourm    .   (no shield)
rNeg     . . .     Faith    .   y - +0 scale mail
rPois    .         Spirit   .   c - +0 helmet
rElec    .         Reflect  .   v - +1 cloak
rCorr    .         Harm     .   (no gloves)
MR       .....                  j - +0 pair of boots
Stlth    ..........             (no amulet)
HPRegen  0.20/turn              F - +6 ring of dexterity
MPRegen  0.16/turn              z - ring of magical power

@: corroded, gold aura
A: hooves 1, large bone plates 1, powered by pain 2, rot immunity
a: Potion Petition, Call Merchant, Bribe Branch, Renounce Religion


You were on level 4 of the Dungeon.
You worshipped Gozag.
Gozag was pleased with you.
You were not hungry.

You visited 2 branches of the dungeon, and saw 8 of its levels.
You also visited: Ossuary.

You collected 891 gold pieces.
You paid 87 gold pieces to Gozag.

Inventory:

Hand Weapons
 a - a +0 long sword
 k - a +0 short sword of venom
 o - a +1 dagger of venom (weapon)
 t - a +0 mace of protection
 A - a cursed -3 dagger
 B - a +1 short sword of draining
 D - a +0 blowgun
 Q - a +0 scimitar
Missiles
 d - 4 throwing nets (quivered)
 g - 3 javelins
 C - 35 poisoned needles
 H - 4 tomahawks
Armour
 b - a +0 leather armour
 c - a +0 helmet (worn)
 j - a +0 pair of boots (worn)
 l - a +0 ring mail
 p - a cursed +0 leather armour
 v - a +1 cloak (worn)
 y - a +0 scale mail (worn)
 E - a +2 ring mail of poison resistance
 I - a +0 scale mail
Jewellery
 q - an uncursed ring of ice
 z - a ring of magical power (right hand)
 F - a +6 ring of dexterity (left hand)
Scrolls
 e - 4 scrolls of enchant weapon
 i - a scroll of magic mapping
 m - 2 scrolls of fog {unknown}
 r - 4 scrolls of teleportation {unknown}
 u - 3 scrolls of remove curse
 J - 2 scrolls of summoning {unknown}
 K - a scroll of vulnerability {unknown}
 L - a scroll of fear {unknown}
 N - a scroll of brand weapon {unknown}
Potions
 h - 2 potions of lignification
 n - 2 potions of haste
 s - 3 potions of brilliance
 w - a potion of invisibility
 x - 2 potions of flight
 G - a potion of curing
 M - 2 potions of might
 O - a potion of magic
 P - a potion of heal wounds {unknown}
Comestibles
 f - 7 rations


   Skills:
 - Level 2.0 Fighting
 + Level 11.3 Long Blades
 - Level 1.7 Throwing
 - Level 2.6 Dodging


You had 8 spell levels left.
You didn't know any spells.
Your spell library was empty.

Dungeon Overview and Level Annotations

Branches:
Dungeon (7/15)             Temple (1/1) D:4

Altars:
Cheibriados
Dithmenos
Elyvilon
Fedhas
Gozag
Hepliaklqana
Qazlal
Ru
Trog
Uskayaw
Vehumet
Zin


Innate Abilities, Weirdness & Mutations

You have large cloven feet.
You are partially covered in large bone plates. (SH +4)
You sometimes gain power by taking damage.
You are immune to rotting.


Message History

The jelly is lightly wounded.
The jelly closely misses you.
You hit the jelly but do no damage.
Your hands burn!
The jelly is lightly wounded.
You hit the jelly.
The jelly is poisoned.
Your hands burn!
The jelly is heavily wounded.
The jelly hits you. The acid corrodes you!
You are splashed with acid!
The acid burns!
* * * LOW HITPOINT WARNING * * *
You hit the jelly but do no damage.
Your hands burn!
* * * LOW HITPOINT WARNING * * *
The jelly is severely wounded.
You hit the jelly.
Your hands burn!
* * * LOW HITPOINT WARNING * * *
The jelly is severely wounded.
The jelly hits you.
* * * LOW HITPOINT WARNING * * *
The acid corrodes you!
You are splashed with acid!
The acid burns!
You die...
Your body crumbles into a pile of gold.

..............#
##
########......#
####...#.#....#
+...............
##
####.#.#.#....#.
#.
#<...#.#.##.###
#. ###..#.#.#
..# ###..#.#.#
#.##....
#...@#.#.#
..#......
#..J$#.#.#
#.#......
#....#.#.#
#....#.#. #....#
#...#.#. #....#
#...#.#. #...$#
.#####.......
#....#
.......>.#...
#....#
########..#)#
#.........>[


You could see a jelly.

Vanquished Creatures
  A black bear (D:2)
  A sky beast (D:6)
  5 ogres
  2 big kobolds (D:3)
  6 elf zombies (Ossuary)
  A howler monkey (D:4)
  A crimson imp (D:5)
  A quasit (D:6)
  3 centaur zombies (Ossuary)
  3 human zombies (Ossuary)
  2 orc wizards (D:4)
  4 hounds
  3 orc priests
  A centaur skeleton (D:5)
  An iguana (D:4)
  3 worker ants
  3 mummies (Ossuary)
  3 gnolls (D:4)
  8 adders
  8 river rats (D:6)
  A shadow imp (D:6)
  An adder skeleton (D:6)
  5 worms
  A dart slug (D:1)
  3 leopard geckos
  19 orcs
  2 ball pythons
  A giant cockroach (D:2)
  9 goblins
  8 hobgoblins
  7 jackals
  13 kobolds
  10 quokkas
  5 bats
  6 frilled lizards
  A jackal zombie (D:6)
  2 quokka skeletons
  25 rats
179 creatures vanquished.

Notes
Turn   | Place    | Note
-------+----------+-------------------------------------------
     0 | D:1      | ohad the Demonspawn Gladiator began the quest for the Orb.
     0 | D:1      | Reached XP level 1. HP: 16/16 MP: 1/1
   165 | D:1      | Reached skill level 3 in Long Blades
   288 | D:1      | Gained mutation: You are partially covered in large bone plates. (SH +4) [demonic ancestry]
   288 | D:1      | Reached XP level 2. HP: 21/22 MP: 2/2
   887 | D:2      | Found a blossoming altar of Fedhas.
   907 | D:2      | Found a hide-covered altar of Uskayaw.
   923 | D:2      | Reached XP level 3. HP: 18/27 MP: 3/3
   953 | D:2      | Reached skill level 4 in Long Blades
  1260 | D:2      | Noticed a black bear
  1282 | D:2      | Killed a black bear
  1282 | D:2      | Reached skill level 5 in Long Blades
  1282 | D:2      | Reached XP level 4. HP: 21/33 MP: 4/4
  1282 | D:2      | Gained mutation: You sometimes gain a little power by taking damage. [demonic ancestry]
  1282 | D:2      | Reached XP level 5. HP: 25/38 MP: 5/5
  1783 | D:2      | Found a snail-covered altar of Cheibriados.
  1900 | D:2      | Noticed a phantom
  2150 | D:3      | Found a hazy altar of Hepliaklqana.
  2800 | D:3      | Reached skill level 6 in Long Blades
  3126 | D:3      | Gained mutation: You have large cloven feet. [demonic ancestry]
  3126 | D:3      | Reached XP level 6. HP: 44/44 MP: 6/6
  3240 | D:3      | You fall through a shaft for 2 floors!
  3240 | D:5      | Entered Level 5 of the Dungeon
  3252 | D:5      | Reached skill level 7 in Long Blades
  3451 | D:5      | Found a stormy altar of Qazlal.
  3566 | D:5      | Found a white marble altar of Elyvilon.
  3730 | D:5      | Found a glowing silver altar of Zin.
  3785 | D:5      | Gained mutation: You are immune to rotting. [demonic ancestry]
  3785 | D:5      | Reached XP level 7. HP: 30/50 MP: 7/7
  3809 | D:4      | Found a staircase to the Ecumenical Temple.
  3893 | Temple   | Entered the Ecumenical Temple
  4021 | Temple   | Became a worshipper of Gozag Ym Sagoz the Greedy
  4052 | D:4      | Reached skill level 8 in Long Blades
  4166 | D:4      | Found a sand-covered staircase.
  4178 | Ossuary  | Entered an ossuary
  4469 | Ossuary  | Reached skill level 9 in Long Blades
  4469 | Ossuary  | Gained mutation: You sometimes gain power by taking damage. [demonic ancestry]
  4469 | Ossuary  | Reached XP level 8. HP: 50/56 MP: 8/8
  4742 | D:4      | You fall through a shaft for 3 floors!
  4790 | D:7      | Reached skill level 10 in Long Blades
  4817 | D:5      | Found a sacrificial altar of Ru.
  5404 | D:6      | Found a shadowy altar of Dithmenos.
  6824 | D:5      | Reached skill level 11 in Long Blades
  6824 | D:5      | Reached XP level 9. HP: 61/61 MP: 9/9
  7456 | D:4      | Splashed by a jelly's acid

Vault maps used:
D:1:      dpeg_cavernosity, minmay_misc_feat_columns, minmay_unequal
D:2:      lemuel_doored_altar, eat_drink_and_be_merry_uskayaw, fedhas_altar_3,
          first_ration
D:3:      cheibrodos_thug_alley, old_standard_altar, roderic_roman_lattice
D:4:      minmay_temple_entry_crystal_x, nicolae_ossuary_entry_monument
D:5:      nicolae_qazlal_general_emergency, nicolae_overflow_hidden_temple
D:6:      lemuel_ratsnest, nicolae_dithmenos_shadow_blocks
D:7:      okawaru_gym_becter, led_sif_pool, gammafunk_temple_overflow_statue,
          uniq_menkaure, uniq_joseph
Temple:   compressed_dpeg_triangle_lava_temple
Ossuary:  ossuary_minmay_four_chambers

Skill      XL: |  1  2  3  4  5  6  7  8 |
---------------+-------------------------+-----
Long Blades    | 3 5 6 7 9 11 | 11.3
Fighting       | |  2.0
Throwing       | |  1.7
Dodging        | |  2.6

Action                   |  1- 3 |  4- 6 |  7- 9 || total
-------------------------+-------+-------+-------++-------
Melee: Long sword        |    23 |       |   225 ||   248
       Dagger            |    90 |   231 |   374 ||   695
  Use: Scroll            |       |     7 |     5 ||    12
 Stab: Distracted        |       |       |     1 ||     1
  Eat: Chunk             |     1 |     8 |     1 ||    10
       Ration            |       |       |     4 ||     4
Armor: Ring mail         |    38 |    27 |       ||    65
       Scale mail        |       |    32 |   157 ||   189
Dodge: Dodged            |    73 |    87 |   178 ||   338
Block: Other             |    11 |    36 |    51 ||    98
       Rpst.: Long sword |     8 |       |    15 ||    23

Table legend:
 A = Spawn XP
 B = Non-spawn XP
 C = Spawn XP percentage of total XP
 D = Spawn monster count
 E = Non-spawn monster count
 F = Spawn count percentage of total count
 G = Total turns spent on level
                    A         B        C        D         E        F      G
               +---------+---------+-------+---------+---------+-------+---------
         Total |       0 |    3157 |   0.0 |       0 |     179 |   0.0 |  7456
               +---------+---------+-------+---------+---------+-------+---------
           D:1 |       0 |      34 |   0.0 |       0 |      21 |   0.0 |   872
           D:2 |       0 |     247 |   0.0 |       0 |      35 |   0.0 |  1059
           D:3 |       0 |     266 |   0.0 |       0 |      25 |   0.0 |  1309
           D:4 |       0 |     415 |   0.0 |       0 |      21 |   0.0 |   599
           D:5 |       0 |     516 |   0.0 |       0 |      15 |   0.0 |  1248
           D:6 |       0 |     645 |   0.0 |       0 |      45 |   0.0 |  1635
           D:7 |       0 |     127 |   0.0 |       0 |       1 |   0.0 |    63
        Temple |       0 |       3 |   0.0 |       0 |       1 |   0.0 |   139
       Ossuary |       0 |     904 |   0.0 |       0 |      15 |   0.0 |   532
               +---------+---------+-------+---------+---------+-------+---------
